 Dungeon Crawl Stone Soup version 0.22-a0-21-g9421e3f (webtiles) character file.

1 tidbits the Grave Robber (level 1, -4/7 HPs)
             Began as a Felid Necromancer on Jan 2, 2018.
             Killed from afar by a dart slug (5 damage)
             ... with a slug dart
             ... on level 1 of the Dungeon.
             The game lasted 00:00:40 (57 turns).

tidbits the Grave Robber (Felid Necromancer)          Turns: 57, Time: 00:00:41

Health: -4/7       AC:  1    Str:  4    XL:     1   Next: 16%
Magic:  1/4        EV: 18    Int: 16    God:
Gold:   6          SH:  0    Dex: 16    Spells: 3/4 levels left
                                        Lives:  0   Deaths: 0

rFire    . . .     SeeInvis +   (weapon unavailable)
rCold    . . .     Gourm    .   (shield unavailable)
rNeg     . . .     Faith    .   (armour unavailable)
rPois    .         Spirit   .   (helmet unavailable)
rElec    .         Reflect  .   (cloak unavailable)
rCorr    .         Harm     .   (gloves unavailable)
MR       .....                  (boots unavailable)
Stlth    +++.......             (no amulet)
HPRegen  0.02/turn              (no ring)
MPRegen  0.09/turn              (no ring)

@: quick
A: very small, no armour, no weapons or thrown items, stealth, claws 1, fangs 3,
see invisible, carnivore, speed 1, shaggy fur 1, slow metabolism 1, sharp paws
a: no special abilities


You were on level 1 of the Dungeon.
You were not hungry.

You visited 1 branch of the dungeon, and saw 1 of its levels.

You collected 6 gold pieces.

Inventory:

Books
 a - a book of Necromancy

   Spells                             Type                      Level
   a - Pain                           Necromancy                   1
   b - Animate Skeleton               Necromancy                   1
   c - Vampiric Draining              Necromancy                   3
   d - Regeneration                   Charms/Necromancy            3
   e - Animate Dead                   Necromancy                   4
   f - Borgnjor's Vile Clutch         Necromancy/Earth             5
Comestibles
 b - a ration


   Skills:
 + Level 2.7 Dodging
 + Level 2.7 Stealth
 + Level 2.0 Spellcasting
 + Level 4.0 Necromancy


You had 3 spell levels left.
You knew the following spells:

 Your Spells              Type           Power        Failure   Level  Hunger
a - Pain                  Necr           ##..         4%          1    #......


Dungeon Overview and Level Annotations

Branches:
Dungeon (1/15)

Altars:


Innate Abilities, Weirdness & Mutations

You cannot wear armour.
You are incapable of wielding weapons or throwing items.
Your paws allow you to move quietly. (Stealth)
You have sharp claws.
You have razor-sharp teeth.
You have supernaturally acute eyesight. (SInv)
You are carnivorous and can eat meat at any time.
You cover ground quickly.
You are covered in fur. (AC +1)
You have a slow metabolism.
Your sharp claws are effective at attacking unaware monsters.


Message History

Welcome, tidbits the Felid Necromancer.
Will you be the one to retrieve the fabulous Orb of Zot from the depths?
Press ? for a list of commands and other information.
Found a puce potion and a river rat skeleton.
Found a staircase leading out of the dungeon.
Found a river rat skeleton.
Found a river rat skeleton.
c - a puce potion Autopickup is now off.
You open the door.
It was a potion of ambrosia.
You are confused.
You feel invigorated.
You bump into the rock wall.
You bump into the translucent rock wall.
There is an open door here.
You bump into the rock wall.
A rat comes into view.
You bump into the rock wall.
A bat comes into view.
You feel less invigorated.
You feel less confused. The rat misses you.
You scratch the rat.
The rat is moderately wounded.
The rat bites you but does no damage.
Casting: Pain
Confirm with . or Enter, or press ? or * to list all spells.
Aiming: Pain
Press: ? - help, Shift-Dir - straight line, f - rat
Aim: a rat (moderately wounded, chance to defeat MR: 85%)
The rat writhes in agony!
You kill the rat!
Casting: Pain
Confirm with . or Enter, or press ? or * to list all spells.
Aiming: Pain
Press: ? - help, Shift-Dir - straight line, f - bat
Aim: a bat (chance to defeat MR: 85%)
The bat writhes in agony!
Casting: Pain
Confirm with . or Enter, or press ? or * to list all spells.
Aiming: Pain
Press: ? - help, Shift-Dir - straight line, f/p - bat
Aim: a bat (severely wounded, chance to defeat MR: 85%)
The bat writhes in agony!
You kill the bat!
Found 6 gold pieces.
You see here 6 gold pieces.
You now have 6 gold pieces.
A rat and a dart slug come into view.
Found 10 gold pieces.
Casting: Pain
Confirm with . or Enter, or press ? or * to list all spells.
Aiming: Pain
Press: ? - help, Shift-Dir - straight line, f - dart slug
Aim: a dart slug (clinging, chance to defeat MR: 85%)
The dart slug writhes in agony!
Casting: Pain
Confirm with . or Enter, or press ? or * to list all spells.
Aiming: Pain
Press: ? - help, Shift-Dir - straight line, f/p - dart slug
Aim: a dart slug (lightly wounded, clinging, chance to defeat MR: 85%)
The dart slug barely resists.
The dart slug launches a dart at you. The slug dart misses you.
Casting: Pain
Confirm with . or Enter, or press ? or * to list all spells.
Aiming: Pain
Press: ? - help, Shift-Dir - straight line, f/p - dart slug
Aim: a dart slug (lightly wounded, clinging, chance to defeat MR: 85%)
The dart slug barely resists.
The dart slug launches a dart at you. The slug dart hits you!
Ouch! That really hurt!
You die...

.# ##### ###.#
##...##....# #
####..........# #.##
#..............
#...####.#............
#......#............
#...#@#####..........#
#. #..## ##...#....##
##..#########..##
##w...#### #..#
........# #..#
#.###.##.###..### .$
#†##..##..... .##
#............ .
###.##.......


You could see a dart slug.

Vanquished Creatures
  A bat (D:1)
  A rat (D:1)
2 creatures vanquished.

Notes
Turn   | Place    | Note
-------+----------+-------------------------------------------
     0 | D:1      | tidbits the Felid Necromancer began the quest for the Orb.
     0 | D:1      | Reached XP level 1. HP: 7/7 MP: 4/4
    57 | D:1      | Killed from afar by a dart slug

Vault maps used:
D:1:      saegor_arrival_miasma, minmay_misc_feat_enclosed,
          minmay_tree_intersection, minmay_tromino_v4_c

Action                   || total
-------------------------++-------
Melee: Unarmed           ||     1
 Cast: Pain              ||     6
  Use: Potion            ||     1
Armor: Skin              ||     1
Dodge: Dodged            ||     2

Table legend:
 A = Spawn XP
 B = Non-spawn XP
 C = Spawn XP percentage of total XP
 D = Spawn monster count
 E = Non-spawn monster count
 F = Spawn count percentage of total count
 G = Total turns spent on level
                    A         B        C        D         E        F      G
               +---------+---------+-------+---------+---------+-------+---------
         Total |       0 |       2 |   0.0 |       0 |       2 |   0.0 |    57
               +---------+---------+-------+---------+---------+-------+---------
           D:1 |       0 |       2 |   0.0 |       0 |       2 |   0.0 |    57
               +---------+---------+-------+---------+---------+-------+---------

Table legend:
 A = Turns spent in this place as a percentage of turns spent in the entire game.
 B = Non-inter-level travel turns spent in this place as a percentage of non-inter-level travel turns spent in the entire game.
 C = Inter-level travel turns spent in this place as a percentage of turns spent in this place.
 D = Turns resting spent in this place as a percentage of non-inter-level travel turns spent in this place.
 E = Turns spent auto-exploring this place as a percentage of non-inter-level travel turns spent in this place.
 F = Non-inter-level travel turns spent in this place divided by the number of levels of this place that you've seen.
                   A       B       C       D       E      F
               +-------+-------+-------+-------+-------+----------------------
         Total | 100.0 | 100.0 |   0.0 |   0.0 |   0.0 |  57.0
       Dungeon | 100.0 | 100.0 |   0.0 |   0.0 |   0.0 |  57.0
               +-------+-------+-------+-------+-------+----------------------

Table legend:
 A = Kills in this place as a percentage of kills in entire the game.
 B = Kills by you in this place as a percentage of kills by you in the entire game.
 C = Kills by friends in this place as a percentage of kills by friends in the entire game.
 D = Other kills in this place as a percentage of other kills in the entire game.
 E = Experience gained in this place as a percentage of experience gained in the entire game.
 F = Experience gained in this place divided by the number of levels of this place that you have seen.
                   A       B       C       D       E      F
               +-------+-------+-------+-------+-------+----------------------
         Total | 100.0 | 100.0 |   N/A |   N/A | 100.0 |   2.0
       Dungeon | 100.0 | 100.0 |   N/A |   N/A | 100.0 |   2.0
               +-------+-------+-------+-------+-------+----------------------

Vault maps used:
D:1:      saegor_arrival_miasma, minmay_misc_feat_enclosed,
          minmay_tree_intersection, minmay_tromino_v4_c
